[Event "Polish Youth Ekstraliga 2022"]
[Site "Lublin"]
[Date "2022.06.29"]
[Round "5.8"]
[White "Meers, Hubert"]
[Black "Koziorowicz, Michal"]
[Result "1/2-1/2"]
[ECO "B40"]
[WhiteElo "2013"]
[BlackElo "2231"]
[Annotator "TA"]
[PlyCount "139"]
[EventDate "2022.06.24"]
[EventType "team-tourn"]
[EventCountry "POL"]
[SourceTitle "playchess.com"]
[Source "ChessBase"]
[SourceQuality "1"]
[TimeControl "40/5400+30:1800+30"]

1. e4 c5 2. Nf3 e6 3. c4 Nc6 4. Be2 d5 5. exd5 exd5 6. cxd5 {[%emt 0:00:01] B40: Sicilian: 2...e6, Unusual lines.} Qxd5 7. Nc3 Qd8 8. O-O {[%emt 0:01:56] White is slightly better.} Nf6 9. Bb5 Be7 10. d4 O-O {[%emt 0:12:03][%cal Rc6d4] [#]} 11. Be3 $146 ({Predecessor:} 11. dxc5 Bxc5 12. Bg5 Be7 13. Qxd8 Rxd8 14. Rfe1 Be6 15. Bxc6 bxc6 16. Ne4 Rd5 17. Nxf6+ gxf6 {½-½ (45) Bochnickova,A (2105)-Theissl Pokorna,R (2195) Ziar nad Hronom 1996}) 11... cxd4 12. Nxd4 Nb4 13. Qb3 Nbd5 14. Nxd5 Qxd5 15. Bc4 Qh5 16. Rad1 Bg4 {[%emt 0:07:19] The position is equal.} 17. f3 Bd6 18. g3 {[%emt 0:07:31] Active counter play!} Bh3 19. Rfe1 (19. Qxb7 $2 Rab8 20. Qxa7 Bxf1 21. Rxf1 Rxb2 $19) 19... Bc5 20. Bf2 (20. Qxb7 Rab8 21. Qc7 Rxb2 $17) 20... Rad8 21. Qxb7 Rb8 22. Qc7 {[%emt 0:00:57] [#] And now Re5 would win.} Rxb2 ({Don't take} 22... Rfc8 23. Qf4 $16) 23. Qf4 {[%emt 0:02:17] Threatens to win with Re5.} Nd5 24. Qe5 {[%emt 0:05:43] Dancing on a razor blade.} Qxe5 25. Rxe5 Nc3 26. Rde1 Bb6 27. Ne2 Bxf2+ (27... Nxa2 $2 28. Bxb6 axb6 29. g4 $18 (29. Nf4 Bd7 $16)) 28. Kxf2 {[%emt 0:00:01] g4 is the strong threat.} Bc8 29. Ra5 a6 30. Ra3 Nb5 31. Rb3 Rc2 32. Rc1 Rxc1 33. Nxc1 Bd7 34. Ne2 Rc8 35. Rd3 Rxc4 36. Rxd7 $11 {[%emt 0:00:06][%cal Rd7d8][%mdl 4096] [#] Endgame KRN-KRN} Kf8 37. Rd2 {[%emt 0:00:17] Inhibits Rc2.} Ke7 38. Ke3 Ra4 39. f4 Ra3+ 40. Ke4 Ke6 41. Nd4+ Nxd4 42. Kxd4 {[%emt 0:00:01] KR-KR} Kf5 43. Kc5 Ra4 44. Kd6 f6 45. Ke7 g5 46. Rd6 gxf4 {[%emt 0:00:45] aiming for ...f3.} 47. Rxf6+ Kg4 48. gxf4 h5 49. f5 {[%emt 0:01:33] Strongly threatening Ke6.} Rxa2 50. Rf8 Re2+ 51. Kd6 Rxh2 52. f6 Kf5 53. Ke7 ({But not} 53. f7 Kf6 54. Ra8 Rd2+ 55. Kc5 Kxf7 56. Rxa6 Kg7 $17) 53... Rb2 {[%emt 0:00:40] White must now prevent ...Rb7+.} 54. Rh8 Rb7+ 55. Kd6 Kg6 56. Ke6 {[%emt 0:00:05] Threatening mate with Rg8+.} Rb6+ 57. Ke5 Rb5+ 58. Ke6 {[%emt 0:00:10] White threatens Rg8+ and mate.} Rb6+ 59. Ke5 Rxf6 {[%emt 0:01:38] Hoping for ...Rf3.} 60. Rxh5 $1 a5 61. Rh4 Rf5+ 62. Kd6 Rh5 63. Rxh5 Kxh5 {[%emt 0:00:03] KP-K} 64. Kc5 Kh6 65. Kc4 Kh7 66. Kb3 a4+ 67. Ka3 Kg6 68. Ka2 a3 69. Ka1 a2 70. Kxa2 {[%emt 0:00:06] Weighted Error Value: White=0.03 (flawless) /Black=0.02 (flawless)} 1/2-1/2

[Event "Polish Youth Ekstraliga 2022"]
[Site "Lublin"]
[Date "2022.06.29"]
[Round "5.9"]
[White "Raczek, Krzysztof"]
[Black "Zielonka, Adam"]
[Result "1/2-1/2"]
[ECO "B44"]
[WhiteElo "2114"]
[BlackElo "1988"]
[Annotator "TA"]
[PlyCount "135"]
[EventDate "2022.06.24"]
[EventType "team-tourn"]
[EventCountry "POL"]
[SourceTitle "playchess.com"]
[Source "ChessBase"]
[SourceQuality "1"]
[TimeControl "40/5400+30:1800+30"]

1. e4 c5 2. Nf3 e6 3. d4 cxd4 4. Nxd4 Nc6 5. Nb5 d6 6. c4 Nf6 7. N1c3 a6 {[%emt 0:00:05] B44: Sicilian: Taimanov: 5 Nb5.} 8. Na3 {[%emt 0:00:05] 8.Nd4 is more fashionable.} Qa5 9. Bd2 Be7 {[%emt 0:00:23] The position is equal.} 10. Nd5 Qd8 11. Nxe7 Qxe7 12. Bd3 d5 13. exd5 exd5+ 14. Qe2 Be6 15. O-O O-O {[%emt 0:00:05] [#]} 16. Rfe1 $146 ({Predecessor:} 16. Bg5 Rad8 17. Rfe1 h6 18. Bh4 Rfe8 19. Nc2 g5 20. Bg3 Qd7 21. c5 Bf5 22. Qd2 Bxd3 23. Qxd3 {0-1 (55) Diakonova,E (2233)-Schekachikhin,M (2402) Moscow 2019}) 16... Rad8 17. Bc3 d4 18. Bd2 Qd6 19. Qf3 Ne5 (19... Ng4 20. Bf4 Qd7 21. h3 $14) 20. Qg3 Nxd3 21. Qxd3 h6 22. Rad1 Qc6 23. b3 Bg4 24. f3 Bh5 25. Bb4 Bg6 26. Qd2 Rfe8 27. Rxe8+ Qxe8 28. Bc5 d3 29. Nb1 Qc6 30. Bf2 Re8 31. Re1 {[%emt 0:01:29] Prevents Re2.} Rxe1+ ({Don't do} 31... Re2 32. Rxe2 dxe2 33. Nc3 $16) 32. Qxe1 b5 33. Nd2 a5 34. Bd4 bxc4 35. bxc4 Qd6 36. Qe5 Qa3 {[%emt 0:02:21] [#] White must now prevent ...Qc1+.} 37. Qb8+ Kh7 {[%emt 0:01:35] And now ...Qc1+ would win.} 38. Qb2 {[%emt 0:00:37] Prevents Qc1+.} Qe7 39. Nf1 Nh5 40. Be3 {[%emt 0:00:00] Prevents Nf4.} Nf6 41. Kf2 Nd7 42. Qd4 {[%emt 0:00:39] Inhibits Qh4+.} Ne5 43. Nd2 Nc6 44. Qc5 Qf6 45. a3 Ne5 {[%emt 0:13:05] [#] Threatens to win with ...Ng4+.} 46. Qd4 {[%emt 0:00:56] Inhibits Ng4+.} h5 47. h3 {[%emt 0:00:19] Prevents Ng4+.} Qe6 48. c5 ({Better is} 48. Qd5 $16) 48... f6 $11 49. f4 Nc6 50. Qd6 Qxd6 (50... Qc8 $11) 51. cxd6 {[%emt 0:00:01][%mdl 4096] Endgame KBN-KBN} Kg8 52. Nb3 Be4 53. Bb6 Kf7 54. Nxa5 Nxa5 55. Bxa5 $14 {[%emt 0:00:41] Hoping for d7. KB-KB} Ke6 56. Bb4 Bc6 57. g3 f5 (57... Kd5 $11) 58. Ke3 Bb5 59. Kd4 d2 60. Bxd2 {[%emt 0:00:04] Strongly threatening Bb4.} Kxd6 61. Bb4+ Kc6 62. Ke5 g6 63. Kf6 Bf1 64. Kxg6 Bxh3 {[%emt 0:00:04] White is better.} 65. Kxh5 Kb5 66. Kg5 Bg4 67. Kf6 Ka4 68. Bf8 {[%emt 0:00:17] Weighted Error Value: White=0.07 (flawless) /Black=0.10 (very precise)} 1/2-1/2

[Event "Polish Youth Ekstraliga 2022"]
[Site "Lublin"]
[Date "2022.06.29"]
[Round "5.10"]
[White "Liskiewicz, Jakub"]
[Black "Grzebieniowski, Michal"]
[Result "1-0"]
[ECO "D31"]
[WhiteElo "1839"]
[BlackElo "1635"]
[Annotator "NA RC"]
[PlyCount "37"]
[EventDate "2022.06.24"]
[EventType "team-tourn"]
[EventCountry "POL"]
[SourceTitle "playchess.com"]
[Source "ChessBase"]
[SourceQuality "1"]
[TimeControl "40/5400+30:1800+30"]

1. d4 d5 2. c4 e6 3. Nc3 c6 4. Bf4 dxc4 5. a4 Bb4 6. e3 b5 7. axb5 cxb5 8. Qf3 Qd5 9. Qg3 Qe4 10. Kd1 Bxc3 11. bxc3 b4 12. f3 Qf5 13. e4 Qb5 (13... Qg6 $142 14. Bxb8 bxc3 15. Bxc4 Qxg3 16. Bxg3 a5) 14. Qxg7 b3 15. Qxh8 $18 b2 16. Qxg8+ Ke7 17. Qg5+ f6 18. Rxa7+ Rxa7 19. Qxb5 1-0

[Event "Polish Youth Ekstraliga 2022"]
[Site "Lublin"]
[Date "2022.06.29"]
[Round "5.11"]
[White "Siekanska, Maria"]
[Black "Zabrzanska, Weronika"]
[Result "1-0"]
[ECO "D35"]
[WhiteElo "1964"]
[BlackElo "1882"]
[Annotator "TA"]
[PlyCount "133"]
[EventDate "2022.06.24"]
[EventType "team-tourn"]
[EventCountry "POL"]
[SourceTitle "playchess.com"]
[Source "ChessBase"]
[SourceQuality "1"]
[TimeControl "40/5400+30:1800+30"]

1. d4 Nf6 2. c4 e6 3. Nc3 d5 4. cxd5 exd5 5. Bg5 c6 6. e3 Bd6 7. Bd3 h6 {[%emt 0:03:06] D35: Queen's Gambit Declined: Exchange Variation.} 8. Bh4 O-O {[%emt 0:00:19] [#]} 9. f3 $146 ({Predecessor:} 9. Nf3 Re8 10. O-O Nbd7 11. Re1 Be7 12. Qc2 Nf8 13. Ne5 N6d7 14. Bg3 Nxe5 15. Bxe5 {½-½ (28) Ganguly,S (2609)-Mareco,S (2652) Havana 2022}) 9... Re8 {[%emt 0:03:17] The position is equal.} 10. Bf2 c5 {[%emt 0:03:01] [#] Strongly threatening ...cxd4.} 11. Nge2 Nc6 12. O-O cxd4 13. exd4 Be6 14. a3 Rc8 15. Bc2 Ne7 (15... Na5 $15) 16. Bh4 $11 Nf5 17. Bxf5 Bxf5 18. Qd2 Bb8 19. Rfe1 Qb6 20. Bg3 Bxg3 21. Nxg3 Bg6 22. Rxe8+ Rxe8 23. Nge2 Bf5 24. Nf4 Qb3 25. Kf2 Kf8 26. Rc1 (26. g4 $5 g5 27. Ng2 $14) 26... Kg8 27. Nd1 Rc8 28. Ne3 Rxc1 29. Qxc1 Bd7 30. g4 g5 31. Ne2 Qb6 32. Qc3 Qd6 33. Ng3 h5 34. gxh5 Nxh5 35. Qc5 Qxc5 36. dxc5 {[%emt 0:00:02][%mdl 4096] Endgame KBN-KNN} Nf4 37. b4 Bb5 {[%emt 0:01:12] Inhibits Ne2.} (37... a5 $11) 38. Ngf5 $16 Kf8 {[%emt 0:00:53] Against Ne7} 39. Nd6 Bc6 40. Nc2 a6 41. Nd4 Nd3+ (41... Ke7 $14) 42. Kg3 Ke7 43. Nb3 (43. N6f5+ $16 Kf6 44. Nxc6 Kxf5 45. Na5) 43... Ne1 (43... Ba4 $11 44. Na5 f6) 44. Na5 (44. f4 $16) 44... Nc2 $11 45. Ndxb7 Bb5 (45... Bxb7 $11 46. Nxb7 d4) 46. Nd6 $16 Nxa3 (46... d4 $142) 47. Kg4 f6 {[%emt 0:03:21] ...Bd7+ is the strong threat.} 48. Nxb5 axb5 {[%emt 0:03:54] [#] KN-KN. This move loses the game for Black.} (48... Nxb5 $16 49. f4 d4) 49. Nc6+ $1 $18 Kd7 50. Nd4 {[%emt 0:00:12] And now f4 would win.} Nc4 51. f4 gxf4 (51... Ne3+ $142 52. Kf3 Nf1 53. fxg5 Nxh2+ 54. Kf4 fxg5+ 55. Kxg5 Ke7) 52. Kxf4 Ne5 53. Kf5 {[%emt 0:01:35] h4 would kill now.} Ke7 54. c6 {[%emt 0:01:45] Hoping for h4.} Nd3 55. h4 {[%emt 0:02:04][%cal Bh2h4,Bh4h5,Bh5h6][%mdl 32] White mates.} Nxb4 56. h5 Nxc6 57. Nxc6+ {[%emt 0:00:05] KN-K3P} Kf7 58. h6 d4 59. Nxd4 {[%emt 0:00:30] KN-KPP} b4 60. Nb3 Kg8 61. Kxf6 {[%emt 0:01:10] KN-KP} Kh7 62. Kg5 Kg8 63. Kg6 Kh8 64. Nd4 Kg8 65. h7+ Kh8 66. Ne6 b3 67. Ng5 {[%emt 0:00:04] Weighted Error Value: White=0.11 (very precise) /Black=0.35} 1-0

[Event "Polish Youth Ekstraliga 2022"]
[Site "Lublin"]
[Date "2022.06.29"]
[Round "5.12"]
[White "Polakiewicz, Blanka"]
[Black "Ziobrowska, Maja"]
[Result "0-1"]
[ECO "C68"]
[WhiteElo "1151"]
[BlackElo "1609"]
[Annotator "NA RC"]
[PlyCount "82"]
[EventDate "2022.06.24"]
[EventType "team-tourn"]
[EventCountry "POL"]
[SourceTitle "playchess.com"]
[Source "ChessBase"]
[SourceQuality "1"]
[TimeControl "40/5400+30:1800+30"]

1. e4 e5 2. Nf3 Nc6 3. Bb5 a6 4. Bxc6 dxc6 5. O-O Bd6 6. d4 Bg4 7. dxe5 Bxf3 8. Qxf3 Bxe5 9. Nc3 Qf6 10. Qxf6 Nxf6 11. Re1 O-O-O 12. Bg5 Rhe8 13. f3 Rd6 14. h3 Bd4+ 15. Kf1 Nh5 16. g4 h6 17. Bd2 Be5 18. Be3 Nf4 19. Bxf4 Bxf4 20. Rad1 Bd2 21. Re2 Bxc3 22. Rxd6 cxd6 23. bxc3 Re5 24. Rd2 Kc7 25. Ke2 Ra5 26. Kd3 Rxa2 27. Rd1 a5 28. Rb1 a4 29. Kd2 b5 30. Kd3 a3 31. Kd2 Kb6 32. Kc1 c5 33. h4 Ka5 34. f4 f6 35. Kd2 Rb2 36. Ra1 Ka4 37. Kc1 b4 38. c4 b3 39. cxb3+ Kxb3 40. g5 Rh2 41. Rb1+ Kc3 0-1

[Event "Polish Youth Ekstraliga 2022"]
[Site "Lublin"]
[Date "2022.06.29"]
[Round "5.13"]
[White "Budzisz, Adrian"]
[Black "Kazmierowski, Tymon"]
[Result "1/2-1/2"]
[ECO "E06"]
[WhiteElo "2152"]
[BlackElo "2020"]
[Annotator "TA"]
[PlyCount "91"]
[EventDate "2022.06.24"]
[EventType "team-tourn"]
[EventCountry "POL"]
[SourceTitle "playchess.com"]
[Source "ChessBase"]
[SourceQuality "1"]
[TimeControl "40/5400+30:1800+30"]

1. d4 Nf6 2. c4 e6 3. g3 d5 4. Nf3 Be7 5. Bg2 O-O 6. O-O c6 7. Qc2 b6 8. Rd1 Bb7 9. b3 Nbd7 10. Nc3 Rc8 11. Bb2 {[%emt 0:03:08] E08: Closed Catalan: Main Line: 7 Qc2.} Qc7 12. Rac1 Rfd8 {[%emt 0:00:50] [#]} 13. h4 $146 {[%emt 0:17:56] The position is equal.} ({Predecessor:} 13. e3 Qb8 14. Qe2 c5 15. cxd5 Nxd5 16. Nxd5 Bxd5 17. e4 Bb7 18. Rc2 cxd4 19. Nxd4 Nf6 20. Rxc8 Qxc8 21. a3 Qa8 22. f3 a5 23. Rd2 Bc5 {½-½ (54) Wojtaszek,R (2748)-Vitiugov,N (2732) Batumi 2019}) 13... h6 14. e3 Qb8 15. Qb1 Qa8 16. cxd5 cxd5 17. Bf1 Qb8 18. Bd3 Bd6 {[%emt 0:04:34][%cal Od6g3] Threatens to win with ...Bxg3!} (18... Ng4 {is interesting.} 19. Ne2 Ndf6 20. Nh2 Nxh2 21. Kxh2 a6) 19. Ne2 Rxc1 (19... Ne4 {with more complications.} 20. Nf4 Ndf6 21. Ne5 Rxc1 22. Qxc1 Bxe5 23. dxe5 Ng4) 20. Rxc1 Rc8 (20... Ne4 $5 ) 21. a3 Rxc1+ 22. Qxc1 Qc7 23. Qxc7 Bxc7 24. b4 Kf8 25. b5 Ng4 26. Ne1 e5 27. Bf5 Ngf6 28. Nd3 e4 {[%emt 0:02:18] [#] aiming for ...g6.} 29. Nb4 Bd6 30. Bc3 Ke7 31. Kf1 g6 32. Bh3 Ne8 33. Ke1 Nc7 34. a4 a6 35. bxa6 Nxa6 36. Nxa6 Bxa6 37. Bf1 g5 38. hxg5 hxg5 39. Nc1 Bxf1 40. Kxf1 $11 {[%emt 0:00:00][%mdl 4096] Endgame KBN-KBN} Nb8 41. Na2 Nc6 42. Be1 Ke6 43. Ke2 f5 44. Kd1 f4 45. gxf4 gxf4 46. Bd2 {[%emt 0:02:54] Weighted Error Value: White=0.04 (flawless) /Black=0.04 (flawless)} 1/2-1/2

[Event "Polish Youth Ekstraliga 2022"]
[Site "Lublin"]
[Date "2022.06.29"]
[Round "5.14"]
[White "Grzadka, Artur"]
[Black "Backiel, Hubert"]
[Result "1-0"]
[ECO "A46"]
[WhiteElo "1718"]
[BlackElo "2045"]
[Annotator "TA"]
[PlyCount "79"]
[EventDate "2022.06.24"]
[EventType "team-tourn"]
[EventCountry "POL"]
[SourceTitle "playchess.com"]
[Source "ChessBase"]
[SourceQuality "1"]
[TimeControl "40/5400+30:1800+30"]

1. d4 Nf6 2. Nf3 e6 3. Bg5 d5 4. e3 Be7 5. Nbd2 b6 6. Bd3 Bb7 7. c3 Nbd7 8. Qc2 c5 9. O-O Qc7 {[%emt 0:13:16] D03: 1 d4 d5 2 Nf3 Nf6 3 Bg5, including Torre Attack with early ...d5.} 10. Bf4 Bd6 11. Bxd6 Qxd6 {[%emt 0:00:12] The position is equal.} 12. e4 {[%emt 0:02:30] [#] Black must now prevent e5.} dxe4 (12... cxd4 {is more complex.} 13. Nxd4 O-O 14. exd5 Qxd5 15. N2f3 Nc5) 13. Nxe4 Nxe4 14. Bxe4 Bxe4 15. Qxe4 O-O {[%emt 0:00:16] [#]} 16. Rad1 $146 ({Predecessor:} 16. Rfd1 Nf6 17. dxc5 Qxd1+ {0-1 (17) Adinolfi,V (2132)-Lucchi,V (2135) Cesenatico 2000}) 16... Rad8 17. Rd2 Nf6 18. Qc2 cxd4 19. Rxd4 Qc5 20. Rfd1 Rxd4 21. Nxd4 h6 22. h3 b5 23. Qe2 Rb8 24. Nb3 Qc7 25. Rd4 a5 26. Nd2 Nd5 27. Nf3 Qb7 28. Qe5 Re8 29. Rg4 {[%emt 0:01:12][%csl Gg4][%cal Re5g7] [#]} f5 30. Rd4 Kf7 (30... Qb8 $14) 31. Qg3 g5 32. Qd6 Kf6 33. Qe5+ Kf7 34. Qd6 Kf6 $1 35. h4 g4 36. Ne5 Re7 $2 {[%emt 0:00:37][%mdl 8192] A mistake that costs the game.} (36... Qe7 $16 37. Nxg4+ fxg4 38. Rxd5 Qxd6 39. Rxd6 Rc8) 37. Nc6 $18 Re8 38. Rxd5 Rc8 39. Qe5+ Kf7 40. Nd8+ {[%emt 0:00:00] Weighted Error Value: White=0.08 (flawless) /Black=0.56} 1-0

[Event "Polish Youth Ekstraliga 2022"]
[Site "Lublin"]
[Date "2022.06.29"]
[Round "5.15"]
[White "Ptaszynski, Szymon"]
[Black "Przybylski, Jan"]
[Result "1-0"]
[ECO "B40"]
[WhiteElo "1781"]
[BlackElo "1694"]
[Annotator "NA RC"]
[PlyCount "89"]
[EventDate "2022.06.24"]
[EventType "team-tourn"]
[EventCountry "POL"]
[SourceTitle "playchess.com"]
[Source "ChessBase"]
[SourceQuality "1"]
[TimeControl "40/5400+30:1800+30"]

1. e4 c5 2. Nf3 e6 3. c3 d5 4. exd5 exd5 5. d4 Nc6 6. Bb5 Bd6 7. O-O Nge7 8. dxc5 Bxc5 9. Nbd2 O-O 10. Nb3 Bb6 11. Bd3 Ng6 12. h3 Qd6 13. Be3 Bxe3 14. fxe3 Re8 15. Qd2 Nge5 16. Nxe5 Qxe5 17. Rae1 Be6 18. Nd4 Qg5 19. Nf3 Qg3 20. Qf2 Qxf2+ 21. Rxf2 f6 22. Rd2 Rad8 23. Kf2 Bf7 24. Bb5 a6 25. Ba4 Bg6 26. Bb3 Bf7 27. Red1 Ne7 28. e4 Rd6 29. exd5 Red8 30. c4 b5 31. c5 R6d7 32. d6 Nc6 33. Bxf7+ Kxf7 34. Nd4 Rc8 35. Nxc6 Rxc6 36. b4 a5 37. a3 Ke8 38. Re2+ Kd8 39. Rde1 Kc8 40. Re8+ Rd8 41. Rxd8+ Kxd8 42. Re7 axb4 43. axb4 Ra6 44. Rxg7 Ra2+ 45. Kg3 1-0

[Event "Polish Youth Ekstraliga 2022"]
[Site "Lublin"]
[Date "2022.06.29"]
[Round "5.16"]
[White "Terkiewicz, Bruno"]
[Black "Rekuc, Patryk"]
[Result "1/2-1/2"]
[ECO "B32"]
[WhiteElo "1320"]
[BlackElo "1842"]
[Annotator "NA RC"]
[PlyCount "110"]
[EventDate "2022.06.24"]
[EventType "team-tourn"]
[EventCountry "POL"]
[SourceTitle "playchess.com"]
[Source "ChessBase"]
[SourceQuality "1"]
[TimeControl "40/5400+30:1800+30"]

1. e4 c5 2. Nf3 Nc6 3. d4 cxd4 4. Nxd4 e5 5. Nb5 d6 6. N1c3 a6 7. Na3 Be6 8. Nd5 Nf6 9. Bg5 {[%emt 0:00:24] 9.Bg5 is better than 9.Nxf6+.} Bxd5 10. exd5 Nb8 {[%emt 0:00:10] [#]} 11. c4 $146 ({Predecessor:} 11. c3 Nbd7 12. Be2 Be7 13. Nc4 O-O 14. O-O Ne8 15. Bxe7 Qxe7 16. Na5 Qd8 17. b4 Qc7 {½-½ (25) Bartoszczuk,A (1434)-Rekuc,P (1662) Poronin 2022}) 11... Nbd7 12. Bd3 Be7 13. O-O O-O 14. Qe2 Rc8 15. Rae1 h6 16. Bc1 Re8 17. Bb1 Bf8 18. b3 Qa5 19. Nc2 b5 20. Ne3 bxc4 21. bxc4 Nb6 22. Bd2 Qc5 23. Bf5 Rb8 24. Rb1 Nbd7 25. Ng4 Red8 26. Rb3 Nxg4 27. Qxg4 Nf6 28. Qh4 Rxb3 29. axb3 Be7 30. Qg3 Kh8 31. Ra1 Ra8 32. Qe3 Qxe3 33. Bxe3 g6 34. Bc2 Kg7 35. f3 Nd7 36. Kf2 f5 37. Ke2 Bg5 38. Bxg5 hxg5 39. g4 Kf6 40. h3 Ra7 {[%emt 0:00:00] [#]} 41. Ra5 $11 (41. b4 $1 $16) 41... Ra8 42. b4 Ra7 (42... e4 $16 {was worth a try.}) 43. Ba4 (43. c5 $18 {is more deadly.}) 43... Nb6 44. Bb5 (44. Bb3 $16) 44... Rc7 45. Rxa6 Nxc4 46. Bxc4 Rxc4 47. Rxd6+ Kf7 48. b5 Rb4 49. b6 Rb3 50. Re6 e4 51. fxe4 fxe4 52. Rxe4 Rxb6 53. Rd4 Ke7 54. Ke3 Kd6 55. Rd3 Rb4 1/2-1/2

[Event "Polish Youth Ekstraliga 2022"]
[Site "Lublin"]
[Date "2022.06.29"]
[Round "5.17"]
[White "Marcinczyk, Monika"]
[Black "Bukala, Weronika"]
[Result "1-0"]
[ECO "B12"]
[WhiteElo "1991"]
[BlackElo "1827"]
[Annotator "TA"]
[PlyCount "101"]
[EventDate "2022.06.24"]
[EventType "team-tourn"]
[EventCountry "POL"]
[SourceTitle "playchess.com"]
[Source "ChessBase"]
[SourceQuality "1"]
[TimeControl "40/5400+30:1800+30"]

1. e4 c6 2. d4 d5 3. e5 Bf5 4. Nf3 e6 5. Be2 Nd7 6. O-O Be7 7. Nbd2 {[%emt 0:10:43] B12: Caro-Kann: Advance Variation.} g5 {[%emt 0:08:47] [#]} 8. a4 $146 ({Predecessor:} 8. Nb3 h5 9. Ne1 h4 10. h3 Nh6 11. Nd3 Rg8 12. a4 Qc7 13. a5 a6 14. Ra4 O-O-O {1-0 (80) Caspi,I (2461)-Grinshpun,E (2360) Israel 2018}) 8... Qc7 9. Nb3 {[%emt 0:04:10] White is slightly better.} h6 (9... g4 $14) 10. Be3 f6 11. Ne1 (11. Bd3 $16) 11... fxe5 $11 12. Bh5+ Kd8 $1 13. dxe5 c5 (13... Nxe5 $11 {keeps the balance.} 14. Nf3 Nxf3+ 15. Bxf3 Nf6) 14. f4 $16 gxf4 15. Bxf4 {[%emt 0:00:23] Black must now prevent Bg4.} Nxe5 (15... Bg5 $16) 16. c4 Nf6 17. cxd5 Nxd5 18. Kh1 (18. Nf3 Nxf3+ 19. Rxf3 Bd6 20. Bxd6 Qxd6 $16) 18... Kc8 19. Bg3 Rf8 (19... Rg8 {was worth a try.}) 20. Qc1 $2 (20. Nf3 $18) 20... Kd7 (20... Nf6 $14 21. Bf3 Nfd7) 21. Nf3 (21. Be2 $16 Bd6 22. Bb5+ Kd8 23. Qxh6 (23. Bxe5 Bxe5 24. Nd3 Bd6 $16)) 21... Nd3 $36 {[%emt 0:01:42][%mdl 2048] Black fights for an advantage.} 22. Bxc7 {[%emt 0:07:13] Dancing on a razor blade.} Nxc1 23. Raxc1 Kxc7 24. Ne5 {[%emt 0:02:58] [#]} ({Of course not} 24. Nxc5 Bxc5 25. Rxc5+ Kd6 $17) (24. Nfd4 $1 $11) 24... b6 ({Better is} 24... Bc2 $1 $17 25. Rxf8 Rxf8) 25. Nd4 $1 Bg5 {[%emt 0:04:19] This bishop pair is nice.} 26. Nb5+ Kd8 27. Rcd1 {[%emt 0:00:38] Bg4 is the strong threat.} Bf6 $2 {[%emt 0:01:03][%mdl 8192] White now steadily converts the win.} (27... Ke7 $11 {and Black is okay.}) 28. Rxf5 $18 {[%emt 0:00:24][%cal Oe5g6][%mdl 64] [#] Threatens to win with Ng6! Deflection} exf5 (28... a6 $142 29. Nc3 exf5) 29. Rxd5+ Kc8 30. Nd7 a6 31. Nxf8 axb5 32. Nd7 Bd8 33. axb5 Ra5 34. Be2 Ra1+ 35. Bd1 Ra5 36. g3 Rxb5 37. b3 Rb4 38. Ne5 Bc7 39. Nc6 Re4 40. Bf3 Re3 41. Rxf5 Rxb3 42. Rf8+ Kd7 43. Rf7+ Ke6 44. Bh5 ({Less strong is} 44. Rxc7 Rxf3 45. Kg2 Rf6 $18) 44... Bd6 45. Nd8+ Kd5 (45... Ke5 {was necessary.} 46. Rd7 Bf8) 46. Rd7 {[%emt 0:00:29] aiming for Bf7+.} Rb1+ 47. Kg2 Rb2+ 48. Kh3 Rf2 49. Bf7+ Ke5 50. Nc6+ Kf6 $2 (50... Ke4 51. Be6 Rd2) 51. Bd5 {[%emt 0:01:32] Weighted Error Value: White=0.28 (precise) /Black=0.60} 1-0

[Event "Polish Youth Ekstraliga 2022"]
[Site "Lublin"]
[Date "2022.06.29"]
[Round "5.19"]
[White "Chyzy, Jakub"]
[Black "Kutowski, Marcel"]
[Result "1-0"]
[ECO "B23"]
[WhiteElo "2191"]
[BlackElo "1954"]
[Annotator "TA"]
[PlyCount "85"]
[EventDate "2022.06.24"]
[EventType "team-tourn"]
[EventCountry "POL"]
[SourceTitle "playchess.com"]
[Source "ChessBase"]
[SourceQuality "1"]
[TimeControl "40/5400+30:1800+30"]

1. e4 c5 2. Nc3 a6 3. d4 cxd4 4. Qxd4 Nc6 5. Qd2 d6 6. b3 {[%emt 0:00:25] B23: Closed Sicilian: Lines without g3.} g6 (6... b5 $11) 7. Bb2 $14 Bh6 8. f4 {[%emt 0:00:07] White is slightly better.} e5 9. g3 Nf6 10. O-O-O O-O 11. Kb1 Nd4 {[%emt 0:07:09] [#]} 12. Qf2 $146 (12. Bg2 $16) ({Predecessor:} 12. Nge2 Bg4 13. h3 Bf3 14. Rh2 Nxe2 15. Bxe2 Nxe4 16. Qe3 Nxc3+ 17. Qxc3 Be4 18. fxe5 {0-1 (28) Berger,S (2408)-Kruglyakov,P (2357) Chess.com INT 2020}) 12... b5 $11 13. Bg2 Bb7 14. Nd5 (14. Nf3 $11 {remains equal.} b4 15. Nxd4 bxc3 16. fxe5) 14... Bxd5 $17 15. exd5 Rc8 $1 (15... Ng4 16. Qd2 $11) 16. c3 Ng4 17. Qe1 {[%emt 0:06:22] [#]} (17. Qd2 $17 Nf5 18. Bh3) 17... Nf5 ({Better is} 17... Re8 $1 $19 18. Qd2 (18. cxd4 $2 exf4 19. Qf1 Ne3 $19) 18... Nf5) 18. Bh3 Nge3 (18... Nfe3 $17 19. Bxg4 Nxg4) 19. Bxf5 $11 Nxd1 20. Qxd1 (20. Bxc8 $11 Nxb2 21. Bxa6 (21. Kxb2 Qxc8 22. fxe5 Re8 $17)) 20... gxf5 $17 21. Nf3 Re8 22. Nh4 exf4 23. Nxf5 {[%emt 0:00:59] [#]} Qg5 (23... Qf6 $1 $17 24. Qg4+ Bg7 25. gxf4 Rc7) 24. Qg4 $16 {[%emt 0:02:13] White now steadily converts the win.} Kf8 (24... Qg6 $1 $14) 25. Qxg5 Bxg5 26. Nxd6 Rcd8 (26... Rc5 $16) 27. Nxe8 $18 Kxe8 {[%emt 0:00:14][%mdl 4096] Endgame KRB-KRB} 28. Re1+ Kf8 $2 (28... Kd7 29. gxf4 Be7) 29. Ba3+ Kg7 30. c4 fxg3 31. hxg3 f5 32. d6 f4 (32... bxc4 $142 33. bxc4 f4 34. gxf4 Bxf4) 33. gxf4 Bxf4 34. c5 h5 35. c6 h4 36. d7 {[%emt 0:00:18] Be7 would kill now.} Bc7 37. Be7 (37. Rd1 $142 Kf7 38. Bd6) 37... Rh8 38. Rd1 h3 39. d8=Q {[%emt 0:00:10] White mates.} Bxd8 40. Bxd8 ({Don't go for} 40. Rxd8 $2 Rxd8 41. c7 (41. Bxd8 $2 {too greedy.} h2 $19) 41... Rg8 $19) 40... h2 {[%emt 0:00:00] [#]} 41. c7 $1 h1=Q 42. Rxh1 Rxh1+ 43. Kc2 {[%emt 0:00:06] Weighted Error Value: White=0.15 (very precise) /Black=0.58} (43. Kb2 $142 Rh2+ 44. Kb1 Rh6 45. c8=Q Rg6 46. Be7 Rg1+ 47. Kc2 Rg2+ 48. Kd3) 1-0